 Dungeon Crawl Stone Soup version 0.24-a0-381-g637bb3806f (webtiles) character file.

Game seed: 15299360384281648402

770 Amnesiac the Changer (level 7, -6/43 HPs)
             Began as an Octopode Transmuter on June 3, 2019.
             Was an Initiate of Gozag.
             Mangled by a gnoll
             ... wielding a +0 spear
              (7 damage)
             ... on level 3 of the Dungeon.
             The game lasted 00:08:48 (4159 turns).

Amnesiac the Changer (Octopode Transmuter)          Turns: 4159, Time: 00:08:48

Health: -6/43      AC:  1    Str:  9    XL:     7   Next: 83%
Magic:  10/10      EV: 13    Int: 16    God:    Gozag
Gold:   329        SH:  0    Dex: 14    Spells: 4/10 levels left

rFire    . . .     SeeInvis +     - Unarmed
rCold    . . .     Gourm    .   (no shield)
rNeg     . . .     Faith    .   (helmet restricted)
rPois    .         Spirit   .   (no amulet)
rElec    .         Reflect  .   l - ring of flight
rCorr    .         Harm     .   m - ring of protection from magic
MR       +....                  k - ring of see invisible
Stlth    ++........             (no ring)
HPRegen  0.14/turn              (no ring)
MPRegen  0.12/turn              (no ring)
                                (no ring)
                                (no ring)

@: gold aura
A: almost no armour, stealthy swim, amphibious, 8 rings, constrict 8, camouflage
1, gelatinous body 1
a: Potion Petition, Call Merchant, Bribe Branch, Renounce Religion, Evoke Flight


You were on level 3 of the Dungeon.
You worshipped Gozag.
Gozag was aware of your devotion.
You were not hungry.

You visited 1 branch of the dungeon, and saw 5 of its levels.

You collected 414 gold pieces.
You paid 85 gold pieces to Gozag.

Inventory:

Missiles
 a - 32 arrows
 b - 12 atropa-tipped darts (quivered)
 n - 11 poisoned darts
Jewellery
 k - a ring of see invisible (on tentacle)
 l - a ring of flight (left tentacle)
 m - a ring of protection from magic (right tentacle)
Wands
 i - a wand of polymorph (10)
Scrolls
 f - 2 scrolls of teleportation {!r}
 g - a scroll of enchant armour {!r}
 r - a scroll of identify {!r}
Potions
 d - 2 potions of resistance {!q}
 e - a potion of degeneration {!q, unknown}
 h - a potion of cancellation {!q}
 j - a potion of mutation {!q}
 q - 2 potions of might {!q}
 s - a potion of agility {!q, unknown}
Comestibles
 c - 7 rations


   Skills:
 - Level 1.0 Fighting
 - Level 2.0 Dodging
 + Level 6.4 Unarmed Combat
 - Level 2.0 Spellcasting
 + Level 6.4 Transmutations


You had 4 spell levels left.
You knew the following spells:

 Your Spells              Type           Power        Failure   Level  Hunger
a - Beastly Appendage     Tmut           ###...       1%          1    #......
b - Sticks to Snakes      Tmut           ###.....     2%          2    ###....
e - Spider Form           Tmut/Pois      ##........   17%         3    ###....

Your spell library contained the following spells:

 Spells                   Type           Power        Failure   Level  Hunger
 Ice Form                 Ice/Tmut       ##......     50%         4    #####..
 Blade Hands              Tmut           ###.......   38%         5    ######.


Dungeon Overview and Level Annotations

Branches:
Dungeon (5/15)
 Temple: D:4-7

Altars:
Fedhas
Gozag
Qazlal
Ru
Sif Muna
Vehumet
Xom
The Shining One

Annotations:
D:1 1 exclusion
D:4 3 runed translucent doors, Scuka's ghost, amateur DrFE


Innate Abilities, Weirdness & Mutations

You cannot wear most types of armour.
You are very stealthy in the water. (Stealth+)
You are amphibious.
You can wear up to eight rings at the same time.
You can use your tentacles to constrict eight enemies at once.
Your skin changes colour to match your surroundings (Stealth+).
Your rubbery body absorbs attacks. (AC +1, EV +1)


Message History

The dart slug is lightly wounded.
You constrict the dart slug. The dart slug bites you.
You tentacle-slap the dart slug. You squeeze the dart slug.
You kill the dart slug!
No target in view!
No target in view!
No target in view!
No target in view!
No target in view!
You now have 329 gold pieces (gained 6).
HP restored.
A hobgoblin comes into view.
A hobgoblin is nearby!
A hobgoblin is nearby!
Found a deep blue altar of Sif Muna.
The hobgoblin shouts!
The hobgoblin misses you.
You hear a shout! x3
You barely miss the hobgoblin. You barely miss the hobgoblin.
You grab the hobgoblin.
You constrict the hobgoblin, but do no damage.
A giant cockroach comes into view.
The hobgoblin closely misses you.
You tentacle-slap the hobgoblin. You squeeze the hobgoblin.
You kill the hobgoblin!
A gnoll comes into view.
It is wielding a +0 spear. 2 gnolls come into view.
The gnoll closely misses you.
Things that are here:
5 gold pieces; 13 stones; a black potion {!q} You tentacle-slap the gnoll but do no damage.
The gnoll hits you with a +0 spear!
You tentacle-slap the gnoll but do no damage.
The giant cockroach bites you.
You bludgeon the gnoll! You grab the gnoll. You squeeze the gnoll.
The gnoll is severely wounded.
You constrict the gnoll.
The gnoll hits you from afar with a +0 spear.
The giant cockroach becomes distracted by the nearby gold, dreaming of imaginary riches.
You tentacle-slap the gnoll.
You kill the gnoll!
The gnoll hits you from afar with a +0 spear!
* * * LOW HITPOINT WARNING * * *
You tentacle-slap the giant cockroach.
The giant cockroach is no longer distracted by gold.
You squeeze the giant cockroach.
You kill the giant cockroach!
The gnoll hits you from afar with a +0 spear.
* * * LOW HITPOINT WARNING * * *
The gnoll hits you with a +0 spear.
* * * LOW HITPOINT WARNING * * *
The gnoll hits you from afar with a +0 spear!
* * * LOW HITPOINT WARNING * * *
Things that are here:
8 gold pieces; a +0 club You are too injured to fight recklessly!
You are too injured to fight recklessly!
You are too injured to fight recklessly!
There are monsters nearby!
You are too injured to fight recklessly!
Okay, then.
The gnoll hits you from afar with a +0 spear!
You die...
Your body crumbles into a pile of gold.

#...........########
###########.### #...##
###..# #### ##.#####
#....########## #.....#
#..........########.#
####.#####....# #..
#######@########.######.
#...gg$_..............#.
#.#####.#######........#
### ..# #######... ###.#
.## #### ....## ..
###..## ## ##..##
###..## #########


You could see 2 gnolls.

Vanquished Creatures
  Grinder (D:4)
  Sigmund (D:2)
  An ogre (D:4)
  A scorpion (D:4)
  A crimson imp (D:4)
  Crazy Yiuf (D:2)
  3 worker ants (D:4)
  Robin (D:2)
  A howler monkey skeleton (D:4)
  A gnoll (D:3)
  3 adders
  3 oozes
  An adder skeleton (D:4)
  3 worms
  2 dart slugs
  2 leopard geckos
  6 orcs (D:4)
  7 giant cockroaches
  14 goblins
  9 hobgoblins
  2 jackals (D:3)
  8 bats
  8 frilled lizards
  5 kobolds (D:1)
  6 rats
91 creatures vanquished.

Notes
Turn   | Place    | Note
-------+----------+-------------------------------------------
     0 | D:1      | Amnesiac the Octopode Transmuter began the quest for the
                  | Orb.
     0 | D:1      | Reached XP level 1. HP: 13/13 MP: 3/3
   126 | D:1      | Reached XP level 2. HP: 8/18 MP: 5/5
   130 | D:1      | Learned a level 2 spell: Sticks to Snakes
   656 | D:1      | Reached XP level 3. HP: 15/23 MP: 6/6
   821 | D:1      | Learned a level 3 spell: Spider Form
  1169 | D:2      | Found a sacrificial altar of Ru.
  1187 | D:2      | Noticed Sigmund
  1486 | D:2      | Found a runed translucent door.
  1487 | D:2      | Noticed Crazy Yiuf
  1603 | D:2      | Reached XP level 4. HP: 25/28 MP: 7/7
  1803 | D:3      | Found a shimmering altar of Xom.
  1930 | D:3      | Found a blossoming altar of Fedhas.
  2056 | D:4      | Reached XP level 5. HP: 31/33 MP: 8/8
  2327 | D:5      | Entered Level 5 of the Dungeon
  2350 | D:5      | Noticed an ogre
  2362 | D:4      | Killed an ogre
  2362 | D:4      | Reached XP level 6. HP: 37/38 MP: 4/9
  2454 | D:4      | Found an opulent altar of Gozag.
  2457 | D:4      | Became a worshipper of Gozag Ym Sagoz the Greedy
  2476 | D:4      | Reached skill level 5 in Transmutations
  2492 | D:4      | Reached skill level 5 in Unarmed Combat
  2790 | D:4      | Found a runed translucent gate.
  2790 | D:4      | Found a runed translucent gate.
  2790 | D:4      | Found a runed translucent gate.
  2791 | D:4      | Noticed Scuka's ghost (amateur DrFE)
  2877 | D:4      | Found a sacrificial altar of Ru.
  3067 | D:4      | Noticed Grinder
  3092 | D:4      | Killed Grinder
  3092 | D:4      | Reached XP level 7. HP: 25/43 MP: 10/10
  3193 | D:4      | Found a glowing golden altar of the Shining One.
  3194 | D:4      | Found a stormy altar of Qazlal.
  3704 | D:2      | Killed Crazy Yiuf
  3760 | D:2      | Noticed Robin
  3778 | D:2      | Killed Sigmund
  3783 | D:2      | Killed Robin
  3966 | D:2      | Found a radiant altar of Vehumet.
  4147 | D:3      | Found a deep blue altar of Sif Muna.
  4158 | D:3      | HP: 1/43 [gnoll/+0 spear (11)]
  4159 | D:3      | Mangled by a gnoll

Levels and vault maps discovered:
D:1:      roderic_octagonal_star, layout_rooms, minmay_statues_item
D:2:      layout_loops_ring, nicolae_overflow_hidden_temple,
          overflow_temple_1_default, uniq_sigmund, uniq_crazy_yiuf_cottage,
          uniq_robin
D:3:      layout_rooms, lemuel_crystal_altar, nicolae_overflow_crystal_walls,
          fedhas_altar_3, lemuel_round_altar, serial_curves, eino_curves_01,
          eino_curves_01
D:4:      layout_loops_ring, kennysheep_mini_moat, minitemple,
          gammafunk_ghost_necromancy, nicolae_ru_path_of_blood, uniq_grinder
D:5:      layout_cave_pods, okawaru_metal_pillars_1_2, first_ration,
          serial_shops, shop, shop, kennysheep_generic_room_14

Skill      XL: |  1  2  3  4  5  6  7 |
---------------+----------------------+-----
Transmutations | 3 4 5 6 |  6.4
Unarmed Combat | 4 5 6 |  6.4
Fighting       | |  1.0
Dodging        | |  2.0
Spellcasting   | |  2.0

Action                   |  1- 3 |  4- 6 |  7- 9 || total
-------------------------+-------+-------+-------++-------
Melee: Unarmed           |    89 |    70 |    75 ||   234
       Constrict         |    22 |    14 |    16 ||    52
       Tentacles         |    15 |    12 |    13 ||    40
       Punch             |       |     1 |     1 ||     2
 Cast: Spider Form       |     2 |     4 |     2 ||     8
       Sticks to Snakes  |       |     2 |       ||     2
  Use: Scroll            |     2 |     4 |     5 ||    11
       Potion            |       |     2 |       ||     2
 Stab: Sleeping          |     5 |     3 |     3 ||    11
  Eat: Chunk             |     2 |     4 |       ||     6
       Ration            |       |       |     2 ||     2
Armor: Skin              |     8 |       |     5 ||    13
Dodge: Dodged            |    48 |    33 |    38 ||   119

Table legend:
 A = Non-vault XP
 B = Vault XP
 C = Vault XP percentage of total XP
 D = Non-vault monster count
 E = Vault monster count
 F = Vault count percentage of total count
                 A         B        C        D         E       F
            +---------+---------+-------+---------+---------+-------
      Total |     552 |     549 |  49.9 |      79 |      12 |  13.2
            +---------+---------+-------+---------+---------+-------
        D:1 |      57 |       0 |   0.0 |      28 |       0 |   0.0
        D:2 |      36 |     291 |  89.0 |      11 |      11 |  50.0
        D:3 |      76 |       0 |   0.0 |      21 |       0 |   0.0
        D:4 |     383 |     258 |  40.2 |      19 |       1 |   5.0
            +---------+---------+-------+---------+---------+-------
